ITL
UTICA UNICORNS @ TUSCALOOSA TROUT SLAYERS
06/25/2028
 
TOP OF THE 1ST
Utica Unicorns batting - Pitching for Tuscaloosa Trout Slayers : RHP John Jones
Pitching: RHP John Jones
Batting: RHB Mitsuoki Taguchi 0-0: Foul Ball, location: 2F
0-1: Swinging Strike
0-2: Foul Ball, location: 2F
0-2: Foul Ball, location: 2F
0-2: Ground out 4-3 (Groundball, 4MS)
Batting: RHB Franklin Shaw 0-0: Swinging Strike
0-1: Ball
1-1: Swinging Strike
1-2: Ball
2-2: Ball
3-2: Ground out 6-3 (Groundball, 6)
Batting: LHB Sixto Cantú 0-0: Swinging Strike
0-1: Ground out 3-1 (Groundball, 34)
Top of the 1st over - 0 run(s), 0 hit(s), 0 error(s), 0 left on base; Utica 0 - Tuscaloosa 0
BOTTOM OF THE 1ST
Tuscaloosa Trout Slayers batting - Pitching for Utica Unicorns : RHP Alberto Parra
Pitching: RHP Alberto Parra
Batting: RHB Alfredo Díaz 0-0: Ball
1-0: Called Strike
1-1: Foul Ball, location: 2F
1-2: Ball
2-2: Ball
3-2: Base on Balls
Batting: RHB Jason Saunders 0-0: Ball
1-0: Called Strike
1-1: Grounds into double play, 6-4-3 (Groundball, 6)
Batting: LHB Marcos Villarreal 0-0: Foul Ball, location: 2F
0-1: Ball
1-1: Ball
2-1: Called Strike
2-2: Ball
3-2: Base on Balls
Batting: LHB Ed Hart 0-0: Called Strike
0-1: Ball
1-1: Foul Ball, location: 2F
1-2: Ball
2-2: 2-RUN HOME RUN (Flyball, 9D), Distance : 391 ft
Batting: RHB Shigemasa Ishida 0-0: Called Strike
0-1: Foul Ball, location: 2F
0-2: Fly out, F8 (Flyball, 8LM)
Bottom of the 1st over - 2 run(s), 1 hit(s), 0 error(s), 0 left on base; Utica 0 - Tuscaloosa 2
TOP OF THE 2ND
Utica Unicorns batting - Pitching for Tuscaloosa Trout Slayers : RHP John Jones
Batting: RHB Gerald Burnett 0-0: Ball
1-0: Ball
2-0: Ground out 1-3 (Groundball, P)
Batting: LHB Pedro Zaragoza 0-0: Ball
1-0: SINGLE (Line Drive, 56D)
Batting: LHB Tony O'Bryan 0-0: Called Strike
0-1: Ball
Pedro Zaragoza steals 2nd base
1-1: Ball
2-1: Called Strike
2-2: Foul Ball, location: 2F
2-2: Fly out, F9 (Flyball, 9S)
Batting: LHB Mitchell Oglethorpe 0-0: Ball
1-0: Ball
2-0: Called Strike
2-1: Foul Ball, location: 2F
2-2: Fly out, F2 (Popup, 3S)
Top of the 2nd over - 0 run(s), 1 hit(s), 0 error(s), 1 left on base; Utica 0 - Tuscaloosa 2
BOTTOM OF THE 2ND
Tuscaloosa Trout Slayers batting - Pitching for Utica Unicorns : RHP Alberto Parra
Batting: RHB Lowie van den Bogaert 0-0: Ball
1-0: Ground out 6-3 (Groundball, 6)
Batting: RHB Greg Lee 0-0: Called Strike
0-1: Called Strike
0-2: Strikes out swinging
Batting: LHB Miguel Rosa 0-0: Ball
1-0: Called Strike
1-1: Ball
2-1: SINGLE (Line Drive, 89S)
Batting: RHB Tetsunori Ito 0-0: Ball
1-0: Swinging Strike
1-1: Called Strike
1-2: Foul Ball, location: 2F
1-2: Strikes out looking
Bottom of the 2nd over - 0 run(s), 1 hit(s), 0 error(s), 1 left on base; Utica 0 - Tuscaloosa 2
TOP OF THE 3RD
Utica Unicorns batting - Pitching for Tuscaloosa Trout Slayers : RHP John Jones
Batting: LHB Bill Hall 0-0: Swinging Strike
0-1: Swinging Strike
0-2: Strikes out looking
Batting: RHB Gustavo Rodríguez 0-0: Ball
1-0: Called Strike
1-1: Foul Ball, location: 2F
1-2: Fly out, F9 (Flyball, 9S)
Batting: RHB Mitsuoki Taguchi 0-0: Ball
1-0: Ball
2-0: Swinging Strike
2-1: Called Strike
2-2: Strikes out swinging
Top of the 3rd over - 0 run(s), 0 hit(s), 0 error(s), 0 left on base; Utica 0 - Tuscaloosa 2
BOTTOM OF THE 3RD
Tuscaloosa Trout Slayers batting - Pitching for Utica Unicorns : RHP Alberto Parra
Batting: RHB Alfredo Díaz 0-0: SINGLE (Groundball, 56D)
Batting: RHB Jason Saunders 0-0: Ball
1-0: Ball
Wild Pitch!
Alfredo Díaz to second
2-0: Swinging Strike
2-1: Swinging Strike
2-2: Strikes out swinging
Batting: LHB Marcos Villarreal 0-0: Ball
1-0: Fly out, F8 (Flyball, 8LS)
Batting: LHB Ed Hart 0-0: 2-RUN HOME RUN (Flyball, 8RXD), Distance : 432 ft
Batting: RHB Shigemasa Ishida 0-0: Called Strike
0-1: Ball
1-1: Ball
2-1: Ball
3-1: Foul Ball, location: 2F
3-2: Foul Ball, location: 2F
3-2: SINGLE (Flyball, 8RS)
Batting: RHB Lowie van den Bogaert 0-0: Ball
1-0: Ball
2-0: Called Strike
2-1: Fielders Choice at 2nd, 6-4 (Groundball, 6)
Bottom of the 3rd over - 2 run(s), 3 hit(s), 0 error(s), 0 left on base; Utica 0 - Tuscaloosa 4
TOP OF THE 4TH
Utica Unicorns batting - Pitching for Tuscaloosa Trout Slayers : RHP John Jones
Batting: RHB Franklin Shaw 0-0: Foul Ball, location: 2F
0-1: Ball
1-1: Ball
2-1: Called Strike
2-2: Foul Ball, location: 2F
2-2: Strikes out looking
Batting: LHB Sixto Cantú 0-0: Foul Ball, location: 2F
0-1: Ball
1-1: Ground out U3 (Groundball, 34)
Batting: RHB Gerald Burnett 0-0: Ball
1-0: Called Strike
1-1: SINGLE (Line Drive, 4)
Batting: LHB Pedro Zaragoza 0-0: Swinging Strike
0-1: Called Strike
0-2: Ball
1-2: Foul Ball, location: 2F
1-2: Ball
2-2: Foul Ball, location: 2F
2-2: Ball
3-2: Fly out, F7 (Flyball, 7S)
Top of the 4th over - 0 run(s), 1 hit(s), 0 error(s), 1 left on base; Utica 0 - Tuscaloosa 4
BOTTOM OF THE 4TH
Tuscaloosa Trout Slayers batting - Pitching for Utica Unicorns : RHP Alberto Parra
Batting: RHB Greg Lee 0-0: Called Strike
0-1: Fly out, F6 (Line Drive, 6)
Batting: LHB Miguel Rosa 0-0: Foul Ball, location: 2F
0-1: Ball
1-1: Ball
2-1: Fly out, F6 (Line Drive, 6M)
Batting: RHB Tetsunori Ito 0-0: Called Strike
0-1: Foul Ball, location: 2F
0-2: Fly out, F4 (Popup, 34D)
Bottom of the 4th over - 0 run(s), 0 hit(s), 0 error(s), 0 left on base; Utica 0 - Tuscaloosa 4
TOP OF THE 5TH
Utica Unicorns batting - Pitching for Tuscaloosa Trout Slayers : RHP John Jones
Batting: LHB Tony O'Bryan 0-0: Called Strike
0-1: Foul Ball, location: 2F
0-2: Strikes out looking
Batting: LHB Mitchell Oglethorpe 0-0: Ball
1-0: Ball
2-0: Ball
3-0: Called Strike
3-1: Base on Balls
Batting: LHB Bill Hall 0-0: Ball
1-0: Foul Ball, location: 2F
1-1: Fly out, F8 (Line Drive, 8RM)
Batting: RHB Gustavo Rodríguez 0-0: Ball
1-0: Ball
2-0: Ball
3-0: Called Strike
3-1: Foul Ball, location: 2F
3-2: Foul Ball, location: 2F
3-2: Fly out, F8 (Flyball, 89XD)
Top of the 5th over - 0 run(s), 0 hit(s), 0 error(s), 1 left on base; Utica 0 - Tuscaloosa 4
BOTTOM OF THE 5TH
Tuscaloosa Trout Slayers batting - Pitching for Utica Unicorns : RHP Alberto Parra
Batting: RHB Alfredo Díaz 0-0: Ball
1-0: Ball
2-0: Ball
3-0: Base on Balls
Batting: RHB Jason Saunders 0-0: Ball
1-0: Ball
2-0: Ball
3-0: Called Strike
3-1: Base on Balls
Alfredo Díaz to second
Batting: LHB Marcos Villarreal 0-0: Called Strike
0-1: SINGLE (Flyball, 8LS)
Alfredo Díaz to third
Jason Saunders to second
Runner from 3rd tries for Home, SAFE, no throw
Batting: LHB Ed Hart 0-0: Ball
1-0: Ball
2-0: Ball
3-0: Base on Balls
Jason Saunders to third
Marcos Villarreal to second
Batting: RHB Shigemasa Ishida 0-0: Called Strike
0-1: Ball
1-1: Ball
2-1: Called Strike
2-2: Foul Ball, location: 2F
2-2: Strikes out looking
Batting: RHB Lowie van den Bogaert 0-0: Ball
1-0: Ball
2-0: Called Strike
2-1: Swinging Strike
2-2: Ball
3-2: SINGLE (Line Drive, 34D)
Jason Saunders scores
Marcos Villarreal to third
Ed Hart to second
Runner from 3rd tries for Home, SAFE, throw made home
Ed Hart to third
Lowie van den Bogaert to second
Pitching: LHP José Mercado
Batting: RHB Greg Lee 0-0: Ball
1-0: Fly out, F9 (Flyball, 9)
Runner from 3rd tags up, SCORES, throw made
Batting: LHB Miguel Rosa 0-0: Called Strike
0-1: Ball
1-1: Ground out 6-3 (Groundball, 6S)
Bottom of the 5th over - 4 run(s), 2 hit(s), 0 error(s), 1 left on base; Utica 0 - Tuscaloosa 8
TOP OF THE 6TH
Utica Unicorns batting - Pitching for Tuscaloosa Trout Slayers : RHP John Jones
Batting: RHB Mitsuoki Taguchi 0-0: Ground out 5-3 (Groundball, 56S)
Batting: RHB Franklin Shaw 0-0: Ball
1-0: Called Strike
1-1: Swinging Strike
1-2: Ball
2-2: Strikes out swinging
Batting: LHB Sixto Cantú 0-0: Ball
1-0: Ball
2-0: Foul Ball, location: 2F
2-1: Called Strike
2-2: Strikes out swinging
Top of the 6th over - 0 run(s), 0 hit(s), 0 error(s), 0 left on base; Utica 0 - Tuscaloosa 8
BOTTOM OF THE 6TH
Tuscaloosa Trout Slayers batting - Pitching for Utica Unicorns : LHP José Mercado
Batting: RHB Tetsunori Ito 0-0: Fly out, F8 (Flyball, 8RXD)
Batting: RHB Alfredo Díaz 0-0: Foul Ball, location: 2F
0-1: Swinging Strike
0-2: Ball
1-2: Foul Ball, location: 2F
1-2: Ground out 4-3 (Groundball, 4)
Batting: RHB Jason Saunders 0-0: Foul Ball, location: 2F
0-1: Ball
1-1: SINGLE (Line Drive, 4D)
Batting: LHB Marcos Villarreal 0-0: Ball
1-0: Ball
2-0: Ball
3-0: Base on Balls
Jason Saunders to second
Batting: LHB Ed Hart 0-0: Ball
1-0: Foul Ball, location: 2F
1-1: Ball
2-1: Ball
3-1: Base on Balls
Jason Saunders to third
Marcos Villarreal to second
Batting: RHB Shigemasa Ishida 0-0: Foul Ball, location: 2F
0-1: Ball
1-1: Foul Ball, location: 2F
1-2: Strikes out swinging
Bottom of the 6th over - 0 run(s), 1 hit(s), 0 error(s), 3 left on base; Utica 0 - Tuscaloosa 8
TOP OF THE 7TH
Utica Unicorns batting - Pitching for Tuscaloosa Trout Slayers : RHP John Jones
Batting: RHB Gerald Burnett 0-0: Foul Ball, location: 2F
0-1: Foul Ball, location: 2F
0-2: Ball
1-2: Ball
2-2: Foul Ball, location: 2F
2-2: Strikes out swinging
Batting: LHB Pedro Zaragoza 0-0: Ball
1-0: Foul Ball, location: 2F
1-1: Ball
2-1: Foul Ball, location: 2F
2-2: Strikes out swinging, 2-3 out at first.
Batting: LHB Tony O'Bryan 0-0: Ball
1-0: Ball
2-0: Ball
3-0: Called Strike
3-1: Ground out 1-3 (Groundball, 13S)
Top of the 7th over - 0 run(s), 0 hit(s), 0 error(s), 0 left on base; Utica 0 - Tuscaloosa 8
BOTTOM OF THE 7TH
Tuscaloosa Trout Slayers batting - Pitching for Utica Unicorns : LHP José Mercado
Batting: RHB Lowie van den Bogaert 0-0: Ball
1-0: Ball
2-0: Ball
3-0: Called Strike
3-1: Called Strike
3-2: Fly out, F6 (Popup, 6)
Batting: RHB Greg Lee 0-0: Swinging Strike
0-1: Ball
1-1: Ground out 4-3 (Groundball, 4S)
Batting: LHB Miguel Rosa 0-0: Ball
1-0: Called Strike
1-1: Ball
2-1: Foul Ball, location: 2F
2-2: Fly out, F9 (Flyball, 9S)
Bottom of the 7th over - 0 run(s), 0 hit(s), 0 error(s), 0 left on base; Utica 0 - Tuscaloosa 8
TOP OF THE 8TH
Utica Unicorns batting - Pitching for Tuscaloosa Trout Slayers : RHP John Jones
Pitching: LHP Dave Blackwell
Batting: LHB Mitchell Oglethorpe 0-0: Called Strike
0-1: Called Strike
0-2: Ball
1-2: Ball
2-2: Ball
3-2: Strikes out swinging
Batting: LHB Bill Hall 0-0: Swinging Strike
0-1: Ball
1-1: Foul Ball, location: 2F
1-2: Ball
2-2: Ground out U3 (Groundball, 34S)
Batting: RHB Gustavo Rodríguez 0-0: Ball
1-0: Ball
2-0: Foul Ball, location: 2F
2-1: Ball
3-1: Base on Balls
Batting: RHB Mitsuoki Taguchi 0-0: Swinging Strike
0-1: Ball
1-1: Ball
2-1: SINGLE (Groundball, 6M) (infield hit)
Gustavo Rodríguez to second
Batting: RHB Franklin Shaw 0-0: Ball
1-0: Ball
2-0: Fly out, F6 (Popup, 6MD)
Top of the 8th over - 0 run(s), 1 hit(s), 0 error(s), 2 left on base; Utica 0 - Tuscaloosa 8
BOTTOM OF THE 8TH
Tuscaloosa Trout Slayers batting - Pitching for Utica Unicorns : LHP José Mercado
Batting: RHB Tetsunori Ito 0-0: Ball
1-0: Swinging Strike
1-1: Fly out, F7 (Flyball, 7)
Pinch Hitting: RHB Kurt Walter 0-0: DOUBLE (Groundball, 5L)
Batting: RHB Jason Saunders 0-0: Ball
1-0: SINGLE (Groundball, 3D)
Kurt Walter to third
Runner from 3rd tries for Home, SAFE, no throw
Batting: LHB Marcos Villarreal
Pinch Hitting: RHB César Reyes 0-0: Ball
1-0: Ball
2-0: Ball
3-0: Called Strike
3-1: Base on Balls
Jason Saunders to second
Batting: LHB Ed Hart 0-0: Called Strike
0-1: Ball
1-1: Ball
2-1: Ball
3-1: Base on Balls
Jason Saunders to third
César Reyes to second
Batting: RHB Shigemasa Ishida 0-0: Ball
1-0: Ball
2-0: Called Strike
2-1: Called Strike
2-2: Foul Ball, location: 2F
2-2: Strikes out swinging
Batting: RHB Lowie van den Bogaert 0-0: Called Strike
0-1: Swinging Strike
0-2: Ball
1-2: Ball
2-2: Fly out, F5 (Line Drive, 56)
Bottom of the 8th over - 1 run(s), 2 hit(s), 0 error(s), 3 left on base; Utica 0 - Tuscaloosa 9
TOP OF THE 9TH
Utica Unicorns batting - Pitching for Tuscaloosa Trout Slayers : LHP Dave Blackwell
Now at 3B: César Reyes
Now in LF: Lynn Ford
Now in RF: Kurt Walter
Batting: LHB Sixto Cantú 0-0: Swinging Strike
0-1: Ball
1-1: Ground out 1-3 (Groundball, P)
Batting: RHB Gerald Burnett 0-0: Swinging Strike
0-1: Called Strike
0-2: Strikes out swinging
Batting: LHB Pedro Zaragoza 0-0: Ball
1-0: Ground out 6-3 (Groundball, 6S)
Top of the 9th over - 0 run(s), 0 hit(s), 0 error(s), 0 left on base; Utica 0 - Tuscaloosa 9
Tuesday, August 8th, 2017 - OOTP Baseball 17.12 Build 75